 Dungeon Crawl Stone Soup version 0.18.1-8-gdd0e5ea (webtiles) character file.

96 M4edhros the Insei (level 4, -1/27 HPs)
             Began as an Octopode Necromancer on May 27, 2016.
             Slain by a worker ant (7 damage)
             ... on level 4 of the Dungeon.
             The game lasted 00:03:41 (928 turns).

M4edhros the Insei (Octopode Necromancer)            Turns: 928, Time: 00:03:42

Health: -1/27      AC:  1    Str:  7    XL:     4   Next: 67%
Magic:  1/7        EV: 12    Int: 17    God:
Gold:   75         SH:  0    Dex: 13    Spells: 3 memorised, 2 levels left

rFire  . . .     SeeInvis .       - Unarmed
rCold  . . .     Gourm    .     (no shield)
rNeg   . . .     Faith    .     (helmet restricted)
rPois  .         Spirit   .     (no amulet)
rElec  .         Dismiss  .     (no ring)
rCorr  .         Reflect  .     (no ring)
SustAt .         Harm     .     (no ring)
MR     .....                    (no ring)
Stlth  +++.......               (no ring)
                                (no ring)
                                (no ring)
                                (no ring)

@: lethally poisoned (-1 -> -26), very slightly contaminated, not resistant to
hostile enchantments, fairly stealthy
A: almost no armour, amphibious, 8 rings, constrict 8, camouflage 1, gelatinous
body 1
a: no special abilities


You were on level 4 of the Dungeon.
You were not hungry.

You visited 1 branch of the dungeon, and saw 4 of its levels.

You collected 75 gold pieces.

Inventory:

Armour
 q - a +0 buckler
Wands
 p - a wand of lightning (8/15)
Scrolls
 c - a scroll of immolation {unknown}
 e - 2 scrolls of amnesia {unknown}
 h - 2 scrolls of remove curse
 i - a scroll of blinking {unknown}
 k - 2 scrolls of identify {unknown}
 m - a scroll of teleportation {unknown}
 n - a scroll of fear {unknown}
Potions
 d - a potion of magic {unknown}
 f - 2 potions of heal wounds {unknown}
 g - 3 potions of curing {unknown}
 j - a potion of might {unknown}
 o - a potion of haste {unknown}
 r - a potion of flight {unknown}
Books
 a - a book of Necromancy

   Spells                             Type                      Level
   a - Pain                           Necromancy                   1
   b - Animate Skeleton               Necromancy                   1
   c - Vampiric Draining              Necromancy                   3
   d - Regeneration                   Charms/Necromancy            3
   e - Animate Dead                   Necromancy                   4
   f - Control Undead                 Necromancy                   4
Comestibles
 b - a bread ration


   Skills:
 - Level 2.0 Dodging
 - Level 2.6 Stealth
 + Level 4.1 Unarmed Combat
 - Level 2.0 Spellcasting
 - Level 4.0 Necromancy


You had 2 spell levels left.
You knew the following spells:

 Your Spells              Type           Power        Failure   Level  Hunger
a - Pain                  Necr           ###.         3%          1    #......
b - Animate Skeleton      Necr           N/A          3%          1    #......
r - Regeneration          Chrm/Necr      #.........   24%         3    ###....


Dungeon Overview and Level Annotations

Branches:
Dungeon (4/15)
 Temple: D:4-7

Altars:
Pakellas


Innate Abilities, Weirdness & Mutations

You cannot wear most types of armour.
You are amphibious.
You can wear up to eight rings at the same time.
You can use your tentacles to constrict eight enemies at once.
Your skin changes colour to match your surroundings (Stealth).
Your rubbery body absorbs attacks (AC +1).


Message History

You constrict the worker ant.
You feel sick. The worker ant bites you.
You are more poisoned.
The worker ant poisons you!
You tentacle-slap the worker ant.
The worker ant is moderately wounded.
You constrict the worker ant, but do no damage.
You feel sick. The worker ant barely misses you. The worker ant bites you.
You tentacle-slap the worker ant but do no damage.
The worker ant is moderately wounded.
You constrict the worker ant.
You feel sick. The worker ant bites you!
* * * LOW HITPOINT WARNING * * *
You are more poisoned.
The worker ant poisons you!
You tentacle-slap the worker ant but do no damage.
The worker ant is heavily wounded.
Your skin stops crawling.
You constrict the worker ant, but do no damage.
* * * LOW HITPOINT WARNING * * *
You feel sick. The worker ant bites you!
You die...

............#
...........#
#..........#
#..........#
#..........#
#.........#
#...a....#
#..@....#
##.....##
###..## ###


You could see a worker ant.

Vanquished Creatures
  Jessica (D:3)
  A worker ant (D:4)
  2 adders
  2 dart slugs (D:1)
  3 giant geckos
  2 goblins
  3 hobgoblins
  A quokka (D:2)
  A bat (D:1)
  A giant newt (D:2)
  3 kobolds
  2 rats (D:2)
22 creatures vanquished.

Vanquished Creatures (collateral kills)
  A giant newt (D:3)
  2 kobolds
3 creatures vanquished.

Vanquished Creatures (others)
  An ugly thing (D:3)
1 creature vanquished.

Grand Total: 26 creatures vanquished

Notes
Turn   | Place    | Note
--------------------------------------------------------------
     0 | D:1      | M4edhros the Octopode Necromancer began the quest for the Orb.
     0 | D:1      | Reached XP level 1. HP: 11/11 MP: 3/3
    22 | D:1      | Reached skill level 1 in Unarmed Combat
    31 | D:1      | Learned a level 1 spell: Animate Skeleton
    64 | D:1      | Reached XP level 2. HP: 2/17 MP: 3/5
   344 | D:2      | Reached XP level 3. HP: 6/21 MP: 3/6
   350 | D:2      | Learned a level 3 spell: Regeneration
   587 | D:3      | Noticed Jessica
   595 | D:3      | Killed Jessica
   595 | D:3      | Reached XP level 4. HP: 21/27 MP: 7/7
   663 | D:3      | Found an oddly glowing altar of Pakellas.
   663 | D:3      | Noticed a white ugly thing
   676 | D:3      | Killed a white ugly thing
   928 | D:4      | Slain by a worker ant

Skill      XL: |  1  2  3  4 |
---------------+-------------+-----
Unarmed Combat | 1 2 3 4 |  4.1
Dodging        | |  2.0
Stealth        | |  2.6
Spellcasting   | |  2.0
Necromancy     | |  4.0

Action                   |  1- 3 |  4- 6 || total
-------------------------+-------+-------++-------
Melee: Unarmed           |    12 |    17 ||    29
       Constrict         |     4 |     2 ||     6
       Tentacles         |     2 |     1 ||     3
 Cast: Pain              |    22 |     8 ||    30
       Animate Skeleton  |     6 |     3 ||     9
       Regeneration      |     3 |     2 ||     5
  Use: Scroll            |       |     1 ||     1
 Stab: Sleeping          |     2 |     1 ||     3
  Eat: Chunk             |       |     2 ||     2
Armor: Skin              |       |     1 ||     1
Dodge: Dodged            |     4 |     6 ||    10
